 Dungeon Crawl Stone Soup version 0.23.2-40-g277498a001 (webtiles) character file.

Game seed: 7360568929367927777

215 MalarOregon the Insei (level 5, 0/42 HPs)
             Began as a Draconian Transmuter on Sept 19, 2019.
             Killed by divine providence
             ... invoked by an orc priest
              (17 damage)
             ... on level 3 of the Dungeon.
             The game lasted 00:04:25 (3009 turns).

MalarOregon the Insei (Draconian Transmuter)        Turns: 3009, Time: 00:04:25

Health: 0/42       AC:  5    Str: 10 (12) XL:     5   Next: 60%
Magic:  9/9        EV: 12    Int: 13 (14) God:
Gold:   229        SH:  0    Dex: 10 (12) Spells: 6/9 levels left

rFire    . . .     SeeInvis .   n - +2 long sword (elec)
rCold    . . .     Gourm    .   (no shield)
rNeg     . . .     Faith    .   (armour unavailable)
rPois    .         Spirit   .   (helmet restricted)
rElec    .         Reflect  .   (no cloak)
rCorr    .         Harm     .   (no gloves)
MR       .....                  (no boots)
Stlth    ++........             (no amulet)
HPRegen  0.14/turn              h - ring of stealth
MPRegen  0.11/turn              (no ring)

@: no status effects
A: unfitting armour, cold-blooded, AC +5
a: no special abilities


You were on level 3 of the Dungeon.
You were near starving.

You visited 1 branch of the dungeon, and saw 3 of its levels.
You also visited: Sewer.

You collected 229 gold pieces.

Inventory:

Hand Weapons
 n - a +2 long sword of electrocution (weapon)
   (You found it on level 2 of the Dungeon)
Missiles
 a - 81 arrows
Jewellery
 h - a ring of stealth (left hand)
   (You found it on level 1 of the Dungeon)
 m - an uncursed ring of protection from cold {unknown}
   (You found it on level 2 of the Dungeon)
 o - an uncursed amulet of regeneration {unknown}
   (You found it in a sewer)
 p - a +4 ring of protection
   (You took it off a goblin on level 3 of the Dungeon)
Scrolls
 b - 2 scrolls of blinking {unknown}
 d - 5 scrolls of teleportation {unknown}
 f - 3 scrolls of identify {unknown}
 i - a scroll of fear {unknown}
 l - 2 scrolls of remove curse {unknown}
Potions
 c - a potion of curing {unknown}
 r - a potion of berserk rage
Comestibles
 e - 8 rations {!d}


   Skills:
 + Level 2.4 Fighting
 * Level 2.3 Long Blades
 + Level 2.5 Dodging
 + Level 3.7 Unarmed Combat
 + Level 2.7 Spellcasting
 + Level 2.9 Transmutations


You had 6 spell levels left.
You knew the following spells:

 Your Spells              Type           Power        Failure   Level  Hunger
a - Beastly Appendage     Tmut           #.....       7%          1    #......
s - Sticks to Snakes      Tmut           #.......     11%         2    ###....

Your spell library contained the following spells:

 Spells                   Type           Power        Failure   Level  Hunger
 Magic Dart               Conj           #...         24%         1    #......
 Blink                    Tloc           N/A          34%         2    ###....
 Call Imp                 Summ           #.......     34%         2    ###....
 Slow                     Hex            #.......     34%         2    ###....
 Spider Form              Tmut/Pois      #.........   36%         3    ###....
 Conjure Flame            Conj/Fire      #.......     56%         3    ###....
 Mephitic Cloud           Conj/Pois/Air  #.......     56%         3    ###....
 Ice Form                 Ice/Tmut       #.......     77%         4    #####..
 Blade Hands              Tmut           #.........   88%         5    ######.


Dungeon Overview and Level Annotations

Branches:
Dungeon (3/15)

Altars:
Elyvilon
Fedhas
Kikubaaqudgha
Nemelex Xobeh
Sif Muna
Vehumet
Xom


Innate Abilities, Weirdness & Mutations

Your plain brown scales are hard. (AC +5)
You cannot fit into any form of body armour.
You are cold-blooded and may be slowed by cold attacks.


Message History

You miss the bat. The hobgoblin closely misses you. x2
You hit the hobgoblin. The bat barely misses you.
You riposte.
You barely miss the bat. The hobgoblin barely misses you.
You riposte.
You barely miss the hobgoblin. You tail-slap the hobgoblin.
You slash the hobgoblin!
You kill the hobgoblin!
The bat completely misses you.
You closely miss the bat. The bat hits you but does no damage.
The bat barely misses you. The bat misses you.
A bat is nearby!
The bat hits you but does no damage. x2
A bat is nearby!
You miss the bat. The bat hits you but does no damage.
A bat is nearby!
You hit the bat. Lightning courses through the bat!
You kill the bat!
No target in view!
No target in view!
d - 5 scrolls labeled LOAVUE QEFREA (gained 1) No target in view!
Found a ring mail.
No target in view!
An orc comes into view. It is wielding a +0 flail.
The orc shouts!
The orc moves out of view.
An orc comes into view. It is wielding a +0 hand axe.
The orc shouts!
You hear a shout! x2
A bat comes into view.
An orc comes into view. It is wielding a +0 club.
You see here a ring mail.
There are monsters nearby!
An orc and an orc priest come into view.
The orc shouts!
The orc priest moves out of view.
There are monsters nearby!
The orc shouts!
The orc priest invokes the aid of Beogh against you.
Beogh smites you!
Found 13 gold pieces and 23 sling bullets.
There are monsters nearby!
You slash the bat!
You kill the bat!
The orc priest mumbles some strange prayers to Beogh against you.
Beogh smites you!
* * * LOW HITPOINT WARNING * * *
Unknown command.
The orc priest invokes the aid of Beogh against you.
Beogh smites you!
You die...

.........##
##.....#..####
####..##....##
#...####..#
#...# ##.###
##..## #...##
##..# ###..# #
#..## ##.## ##
#.).# #@[#
.### ##..#
##.## ...#
#..## #.o#
##.## #(..#
##.o..# #..##
#(#..# #o.o..#
###.>###.##.#
..o....#
......##.# .#
.......#
####.....##.#
#.......# #
###....#.#
##.....##


You could see an orc priest and 4 orcs.

Vanquished Creatures
  A crocodile (Sewer)
  An orc wizard (D:3)
  3 adders (D:3)
  A worm (D:2)
  A dart slug (D:1)
  4 leopard geckos
  4 giant cockroaches
  5 goblins
  6 hobgoblins
  11 jackals
  10 kobolds
  A quokka (D:2)
  12 bats
  4 frilled lizards
  6 rats
70 creatures vanquished.

Notes
Turn   | Place    | Note
-------+----------+-------------------------------------------
     0 | D:1      | MalarOregon the Draconian Transmuter began the quest for
                  | the Orb.
     0 | D:1      | Reached XP level 1. HP: 16/16 MP: 3/3
   218 | D:1      | Reached XP level 2. HP: 9/23 MP: 3/5
   424 | D:1      | Learned a level 2 spell: Sticks to Snakes
   696 | D:2      | Found a shimmering altar of Xom.
  1144 | D:2      | Reached XP level 3. HP: 26/29 MP: 6/6
  1583 | D:3      | Found an ancient bone altar of Kikubaaqudgha.
  1599 | D:3      | Found a white marble altar of Elyvilon.
  1599 | D:3      | Found a sparkling altar of Nemelex Xobeh.
  1623 | D:3      | Found a radiant altar of Vehumet.
  1636 | D:3      | Reached skill level 1 in Long Blades
  1637 | D:3      | Reached XP level 4. HP: 23/36 MP: 7/7
  1703 | D:3      | Found a glowing drain.
  1954 | Sewer    | Entered a sewer
  1991 | Sewer    | Noticed a crocodile
  2013 | Sewer    | Killed a crocodile
  2013 | Sewer    | Reached XP level 5. HP: 42/42 MP: 7/9
  2193 | D:3      | Found a blossoming altar of Fedhas.
  2299 | D:3      | Found a deep blue altar of Sif Muna.
  3009 | D:3      | Killed from afar by an orc priest

Skill      XL: |  1  2  3  4 |
---------------+-------------+-----
Dodging        | 2 |  2.5
Long Blades    | 1 2 |  2.3
Fighting       | 2 |  2.4
Unarmed Combat | |  3.7
Spellcasting   | |  2.7
Transmutations | |  2.9

Action                   |  1- 3 |  4- 6 || total
-------------------------+-------+-------++-------
Melee: Unarmed           |    94 |       ||    94
       Headbutt          |     2 |       ||     2
       Tailslap          |    15 |     9 ||    24
       Long sword        |    42 |    57 ||    99
       Punch             |     1 |       ||     1
 Cast: Beastly Appendage |     2 |       ||     2
  Use: Potion            |       |     6 ||     6
 Stab: Sleeping          |     3 |     3 ||     6
  Eat: Chunk             |     2 |     3 ||     5
Armor: Skin              |    42 |    29 ||    71
Dodge: Dodged            |   100 |    60 ||   160
       Rpst.: Long sword |    13 |    21 ||    34
